 Dungeon Crawl Stone Soup version 0.26.1-11-gd32895ea62 (webtiles) character file.

Game seed: 17970261655046838814

38407 jlumianski the Thaumaturge (level 14, -9/109 HPs)
             Began as a Gnoll Warper on June 17, 2021.
             Was the Champion of Okawaru.
             Killed from afar by a fire dragon (40 damage)
             ... with a blast of flame
             ... on level 15 of the Dungeon on June 18, 2021.
             The game lasted 02:01:18 (22069 turns).

jlumianski the Thaumaturge (Gnoll Warper)          Turns: 22069, Time: 02:01:21

Health: -9/109     AC: 32    Str: 27    XL:     14   Next: 2%
Magic:  28/28      EV: 18    Int: 21    God:    Okawaru [******]
Gold:   248        SH:  0    Dex: 17    Spells: 16/33 levels left

rFire    . . .     SeeInvis .   b - +6 lajatang (spect)
rCold    . . .     Faith    .   (shield currently unavailable)
rNeg     . . .     Spirit   .   o - +7 ring mail "Xucha" {Harm *Corrode rElec Str+4}
rPois    .         Reflect  .   D - +2 helmet
rElec    +         Harm     +   d - +1 cloak of Fun and Games {Dex+2}
rCorr    .         Rampage  .   A - +2 pair of gloves
Will     ++...                  h - +2 pair of boots "Futi" {Str+8}
Stlth    +++++.....             C - amulet of magic regeneration
HPRegen  0.28/turn              S - +4 ring of protection
MPRegen  0.46/turn              M - ring of Gabremo {*Contam Will+ EV-4 Slay+2}

@: lethally poisoned (-9 -> -14), heroism
A: distributed training, fangs 1, hooves 1, clever 1, strong nose
a: Renounce Religion, Heroism, Finesse


You were on level 15 of the Dungeon.
You worshipped Okawaru.
Okawaru was exalted by your worship.
You visited 2 branches of the dungeon, and saw 16 of its levels.
You also visited: Bailey.

You collected 1162 gold pieces.
You spent 914 gold pieces at shops.

Inventory:

Hand Weapons
 b - a +6 spectral lajatang (weapon)
 p - a +4 battleaxe of flaming
 q - a +0 triple crossbow
 t - a +2 broad axe of electrocution
 u - a +3 battleaxe of electrocution
 B - the +7 mace of Variability {chain chaos}
   (You found it on level 9 of the Dungeon)

   Each time it hits an enemy it has a different, random effect.
Missiles
 e - 5 boomerangs of dispersal
 f - 12 javelins
 y - 216 bolts
 G - 54 poisoned darts (quivered)
 T - 5 atropa-tipped darts
 X - 6 boomerangs
Armour
 d - the +1 cloak of Fun and Games (worn) {Dex+2}
   (You found it on level 10 of the Dungeon)

   It affects your dexterity (+2).
 h - the +2 pair of boots "Futi" (worn) {Str+8}
   (You acquired it in a bailey)

   It affects your strength (+8).
 o - the +7 ring mail "Xucha" (worn) {Harm *Corrode rElec Str+4}
   (You bought it in a shop on level 12 of the Dungeon)

   It affects your strength (+4).
   It insulates you from electricity.
   It may corrode you when you take damage.
   It increases damage dealt and taken.
 A - a +2 pair of gloves (worn)
 D - a +2 helmet (worn)
 I - a +1 ring mail of positive energy
 Z - a +1 kite shield of reflection
Jewellery
 x - an uncursed ring of willpower
 C - an amulet of magic regeneration (around neck)
 L - an uncursed amulet of guardian spirit
 M - the ring of Gabremo (right hand) {*Contam Will+ EV-4 Slay+2}
   (You found it on level 6 of the Dungeon)

   [ring of evasion]

   It affects your evasion (-4).
   It affects your accuracy and damage with ranged weapons and melee attacks
   (+2).
   It affects your willpower, your defense against some magical effects.
   It causes magical contamination when unequipped.
 P - an uncursed ring of protection from cold
 Q - an uncursed ring of magical power
 S - a +4 ring of protection (left hand)
 W - an uncursed ring of wizardry
 Y - an uncursed ring of magical power
Wands
 w - a wand of flame (12)
 E - a wand of digging (5)
 J - a wand of disintegration (7)
 O - a wand of iceblast (10)
 R - a wand of acid (17)
 U - a wand of paralysis (8)
Scrolls
 i - 2 scrolls of amnesia
 k - 11 scrolls of teleportation
 r - 7 scrolls of remove curse
 F - 3 scrolls of identify
 H - a scroll of magic mapping
 K - a scroll of fear
Potions
 c - 3 potions of flight
 g - 3 potions of might
 j - 3 potions of lignification
 l - 4 potions of curing
 n - 3 potions of ambrosia
 v - a potion of cancellation
 z - 4 potions of brilliance
 N - a potion of magic
Miscellaneous
 a - a tin of tremorstones (2/2)
 s - a condenser vane (inert)
 V - a box of beasts (inert)


   Skills:
 + Level 9.9(14.9) Fighting
 + Level 8.8(13.8) Short Blades
 + Level 8.8(13.8) Long Blades
 + Level 9.9(14.9) Axes
 + Level 8.8(13.8) Maces & Flails
 + Level 8.8(13.8) Polearms
 + Level 8.8(13.8) Staves
 + Level 8.8(13.8) Slings
 + Level 8.8(13.8) Bows
 + Level 8.8(13.8) Crossbows
 + Level 9.2(14.2) Throwing
 + Level 9.2(14.2) Armour
 + Level 9.9(14.9) Dodging
 + Level 8.8(13.8) Stealth
 + Level 8.8(13.8) Shields
 + Level 8.8(13.8) Unarmed Combat
 + Level 10.1 Spellcasting
 + Level 7.3 Conjurations
 + Level 7.3 Hexes
 + Level 7.3 Summonings
 + Level 7.3 Necromancy
 + Level 9.2 Translocations
 + Level 7.3 Transmutations
 + Level 7.3 Fire Magic
 + Level 7.3 Ice Magic
 + Level 7.3 Air Magic
 + Level 7.3 Earth Magic
 + Level 7.3 Poison Magic
 + Level 9.6 Invocations
 + Level 8.8 Evocations


You had 16 spell levels left.
You knew the following spells:

 Your Spells              Type           Power        Failure   Level
a - Blink                 Tloc           N/A          1%          2
b - Gell's Gravitas       Tloc           24%          1%          3
c - Lesser Beckoning      Tloc           24%          1%          3
d - Portal Projectile     Hex/Tloc       90%          1%          3
e - Foxfire               Conj/Fire      100%         1%          1
f - Inner Flame           Hex/Fire       41%          1%          3
g - Passwall              Tmut/Erth      34%          1%          2

Your spell library contained the following spells:

 Spells                   Type           Power        Failure   Level
 Corona                   Hex            45%          1%          1
 Sandblast                Erth           82%          1%          1
 Slow                     Hex            41%          1%          2
 Conjure Flame            Conj/Fire      41%          1%          3
 Teleport Other           Tloc           49%          1%          3
 Passage of Golubria      Tloc           N/A          1%          4
 Cause Fear               Hex            20%          4%          4
 Hailstorm                Conj/Ice       41%          4%          4
 Ice Form                 Ice/Tmut       41%          4%          4
 Leda's Liquefaction      Hex/Erth       20%          4%          4
 Bolt of Magma            Conj/Fire/Erth 20%          12%         5
 Borgnjor's Vile Clutch   Necr/Erth      20%          12%         5
 Iskenderun's Battlesphe  Conj           41%          12%         5
 Lee's Rapid Deconstruct  Erth           20%          12%         5
 Metabolic Englaciation   Hex/Ice        20%          12%         5
 Freezing Cloud           Conj/Ice/Air   20%          54%         6
 Ozocubu's Refrigeration  Ice            20%          54%         6
 Simulacrum               Ice/Necr       20%          54%         6


Dungeon Overview and Level Annotations

Branches:
Dungeon (15/15)            Temple (1/1) D:7            Lair (0/6) D:11
    Orc (0/2) D:11         Vaults (0/5) D:13         Bailey (visited)
 Depths: D:15

Altars:
Ashenzari
Cheibriados
Dithmenos
Elyvilon
Fedhas
Gozag
Hepliaklqana
Kikubaaqudgha
Makhleb
Nemelex Xobeh
Okawaru
Qazlal
Ru
Sif Muna
Trog
Uskayaw
Vehumet
Wu Jian
Xom
Yredelemnul
Zin
The Shining One
Beogh

Shops:
D:4 }   D:11 ?   D:12 [   D:15 *?


Innate Abilities, Weirdness & Mutations

Your experience applies equally to all skills.
You have very sharp teeth.
Your uncanny sense of smell can sniff out nearby items.
You have large cloven feet.
Your mind is acute. (Int +2)


Message History

The fire dragon bites you but does no damage.
The fire dragon claws you but does no damage.
The fire dragon closely misses you.
You feel sick.
The fire dragon bites your spectral weapon!
Your spectral weapon shares its damage with you!
* * * LOW HITPOINT WARNING * * *
The fire dragon claws your spectral weapon.
Your spectral weapon shares its damage with you!
* * * LOW HITPOINT WARNING * * *
The fire dragon tramples your spectral weapon.
Your spectral weapon holds its ground!
Your spectral weapon fades away.
You open the lid... ...and a juvenile oxsting beast leaps out!
The box is emptied!
The fire dragon breathes flames at you.
The blast of flame hits the fire dragon.
The fire dragon resists.
The blast of flame hits you!!
You die... .. .. # #. # #.### #.... .... ..J. .... ....∆ .J# ###### #.. c.y. .[# #H.@.#### #.#.) (yy.

..#.####.##D§§.## #.... )...
#.#......#..§§..# #########
.(..###.######.##§D8.###.$$D$# #
...............###...##....... ##
.................##.....# #.
......y........#..#####§$.....##.
....###(...........†..##.$$$$##..
.... #.#######........#######..#


You could see 2 fire dragons and a friendly juvenile oxsting beast (summoned).

Vanquished Creatures
  Jorgrun (D:12)
  Gastronok (D:12)
  4 boulder beetles
  3 vault guards (D:13)
  A catoblepas (D:13)
  3 centaur warriors
  A hydra (D:15)
  2 death knights
  4 two-headed ogres
  A tengu warrior (D:15)
  An unseen horror (D:15)
  2 phantasmal warriors (D:8)
  An ugly thing (D:12)
  A deep elf mage (D:13)
  An orc sorcerer (Bailey)
  3 cyclopes
  A manticore (D:11)
  A gargoyle (D:15)
  A kobold demonologist (Bailey)
  4 yaktaurs (D:15)
  An efreet (D:15)
  A tengu conjurer (D:15)
  2 trolls
  4 slime creatures
  A shadow (D:12)
  2 wraiths
  10 yaks
  8 humans (D:13)
  4 wyverns
  2 chaos spawn (D:8)
  4 vampire mosquitoes (D:15)
  Edmund (D:4)
  A soldier ant (D:12)
  4 acid dragons
  2 water moccasins
  Duvessa (D:7)
  3 ice beasts
  13 orc warriors
  3 sky beasts
  4 phantoms
  An eye of draining (D:13)
  4 black bears
  13 centaurs
  6 ogres
  4 big kobolds
  14 bullfrogs
  Blork the orc (D:4)
  Dowan (D:7)
  5 scorpions
  7 killer bees
  24 wights
  An electric eel (Bailey)
  A howler monkey (D:14)
  2 centaur zombies
  5 hounds
  A wyvern simulacrum (D:14)
  7 jellies
  9 orc wizards
  A gnoll shaman (D:4)
  2 bullfrog skeletons (D:12)
  6 orc priests
  A centaur skeleton (D:10)
  3 iguanas
  Ijyb (D:3)
  10 worker ants
  A hound zombie (D:7)
  Robin (D:3)
  21 gnolls
  16 adders
  A shadow imp (D:5)
  5 white imps
  2 ufetubi
  An adder zombie (D:6)
  3 dart slugs
  7 leopard geckos
  48 orcs
  6 giant cockroaches
  22 goblins
  14 hobgoblins
  11 jackals
  23 kobolds
  2 quokkas
  2 ball pythons
  A ball python skeleton (D:5)
  4 bats
  6 frilled lizards
  A leopard gecko skeleton (D:6)
  2 rats (D:1)
438 creatures vanquished.

Vanquished Creatures (others)
  A human (D:13)
  A jelly (D:15)
  10 foxfires
12 creatures vanquished.

Grand Total: 450 creatures vanquished

Notes
Turn   | Place    | Note
-------+----------+-------------------------------------------
     0 | D:1      | jlumianski the Gnoll Warper began the quest for the Orb.
     0 | D:1      | Reached XP level 1. HP: 20/20 MP: 6/6
   326 | D:1      | Reached XP level 2. HP: 26/26 MP: 7/7
  1011 | D:2      | Reached XP level 3. HP: 31/31 MP: 9/9
  1027 | D:2      | Learned a level 2 spell: Blink
  1031 | D:2      | Learned a level 3 spell: Gell's Gravitas
  1106 | D:2      | Reached skill level 5 in Spellcasting
  1183 | D:1      | Reached skill level 1 in Invocations
  1268 | D:1      | Reached skill level 1 in Short Blades
  1268 | D:1      | Reached skill level 1 in Long Blades
  1268 | D:1      | Reached skill level 1 in Maces & Flails
  1268 | D:1      | Reached skill level 1 in Polearms
  1268 | D:1      | Reached skill level 1 in Staves
  1268 | D:1      | Reached skill level 1 in Slings
  1268 | D:1      | Reached skill level 1 in Bows
  1268 | D:1      | Reached skill level 1 in Crossbows
  1268 | D:1      | Reached skill level 1 in Stealth
  1268 | D:1      | Reached skill level 1 in Shields
  1268 | D:1      | Reached skill level 1 in Unarmed Combat
  1268 | D:1      | Reached skill level 1 in Evocations
  1286 | D:2      | Reached XP level 4. HP: 14/38 MP: 11/11
  2386 | D:2      | Reached skill level 1 in Conjurations
  2386 | D:2      | Reached skill level 1 in Hexes
  2386 | D:2      | Reached skill level 1 in Summonings
  2386 | D:2      | Reached skill level 1 in Necromancy
  2386 | D:2      | Reached skill level 1 in Transmutations
  2386 | D:2      | Reached skill level 1 in Fire Magic
  2386 | D:2      | Reached skill level 1 in Ice Magic
  2386 | D:2      | Reached skill level 1 in Air Magic
  2386 | D:2      | Reached skill level 1 in Earth Magic
  2386 | D:2      | Reached skill level 1 in Poison Magic
  2709 | D:3      | Reached XP level 5. HP: 43/43 MP: 8/12
  2718 | D:3      | Noticed Ijyb
  2811 | D:3      | Paralysed by Ijyb for 2 turns
  2845 | D:3      | Killed Ijyb
  3259 | D:3      | Found a transporter.
  3259 | D:3      | Noticed a centaur
  3261 | D:3      | Noticed an ogre
  3261 | D:3      | Noticed a sky beast
  3293 | D:3      | Found a transporter.
  3293 | D:3      | Found an ornate altar of the Wu Jian Council.
  3569 | D:3      | Found a roughly hewn altar of Beogh.
  3584 | D:3      | Reached XP level 6. HP: 27/50 MP: 4/13
  3980 | D:3      | Noticed Robin
  3996 | D:3      | Killed Robin
  4065 | D:3      | Learned a level 3 spell: Lesser Beckoning
  4083 | D:3      | Reached skill level 5 in Fighting
  4083 | D:3      | Reached skill level 5 in Axes
  4083 | D:3      | Reached skill level 5 in Dodging
  4130 | D:3      | Killed a sky beast
  4131 | D:3      | Reached XP level 7. HP: 13/56 MP: 12/15
  4857 | D:4      | Noticed Blork the orc
  4868 | D:4      | Killed Blork the orc
  4987 | D:4      | Noticed Edmund
  5016 | D:4      | Killed Edmund
  5192 | D:4      | Found a shadowy altar of Dithmenos.
  5334 | D:4      | Reached XP level 8. HP: 63/63 MP: 16/16
  5373 | D:4      | Found a hazy altar of Hepliaklqana.
  5617 | D:4      | Found Ywikhut's Gadget Boutique.
  5876 | D:4      | Found a sparkling altar of Nemelex Xobeh.
  6087 | D:5      | Entered Level 5 of the Dungeon
  6236 | D:5      | Reached skill level 6 in Spellcasting
  6307 | D:5      | Found a white marble altar of Elyvilon.
  6442 | D:5      | Found a snail-covered altar of Cheibriados.
  6702 | D:6      | Got a shimmering jade ring
  6703 | D:6      | Identified the cursed ring of Gabremo {*Contam Will+ EV-4
                  | Slay+2} (You found it on level 6 of the Dungeon)
  7028 | D:6      | Found an ancient bone altar of Kikubaaqudgha.
  7063 | D:6      | Found a shimmering blue altar of Sif Muna.
  7119 | D:6      | Reached XP level 9. HP: 19/69 MP: 18/18
  8036 | D:7      | Found a staircase to the Ecumenical Temple.
  8096 | Temple   | Entered the Ecumenical Temple
  8194 | Temple   | Became a worshipper of Warmaster Okawaru
  8394 | D:7      | Noticed Dowan
  8394 | D:7      | Noticed Duvessa
  8398 | D:7      | Killed Duvessa
  8401 | D:7      | Killed Dowan
  8402 | D:7      | Reached skill level 5 in Throwing
  8402 | D:7      | Reached skill level 5 in Armour
  8904 | D:7      | Reached * piety under Okawaru
  9144 | D:7      | Reached skill level 5 in Invocations
  9459 | D:8      | Noticed a two-headed ogre
  9475 | D:7      | Killed a two-headed ogre
  9475 | D:7      | Reached ** piety under Okawaru
  9476 | D:7      | Reached skill level 7 in Spellcasting
  9476 | D:7      | Reached XP level 10. HP: 25/77 MP: 13/20
  9741 | D:8      | Reached skill level 5 in Short Blades
  9741 | D:8      | Reached skill level 5 in Long Blades
  9741 | D:8      | Reached skill level 5 in Maces & Flails
  9741 | D:8      | Reached skill level 5 in Polearms
  9741 | D:8      | Reached skill level 5 in Staves
  9741 | D:8      | Reached skill level 5 in Slings
  9741 | D:8      | Reached skill level 5 in Bows
  9741 | D:8      | Reached skill level 5 in Crossbows
  9741 | D:8      | Reached skill level 5 in Stealth
  9741 | D:8      | Reached skill level 5 in Shields
  9741 | D:8      | Reached skill level 5 in Unarmed Combat
  9741 | D:8      | Reached skill level 5 in Evocations
  9790 | D:8      | Reached *** piety under Okawaru
  9874 | D:8      | Learned a level 3 spell: Portal Projectile
  9885 | D:8      | Found a radiant altar of Vehumet.
  9886 | D:8      | Found a shimmering altar of Xom.
  9886 | D:8      | Found a stormy altar of Qazlal.
  9888 | D:8      | Found a glowing golden altar of the Shining One.
 10074 | D:8      | Identified a scroll of acquirement
 10074 | D:8      | Acquired the Catalogue of Conjuration
 10078 | D:8      | Learned a level 1 spell: Foxfire
 10082 | D:8      | Learned a level 3 spell: Inner Flame
 10100 | D:8      | Found a blossoming altar of Fedhas.
 10197 | D:8      | Found a broken altar of Ashenzari.
 10373 | D:9      | Found a shimmering altar of Xom.
 10373 | D:9      | Found the +7 mace of Variability {chain chaos}
 10400 | D:8      | Received a gift from Okawaru
 10665 | D:9      | Found a flagged portal.
 10707 | D:9      | Acquired the Compendium of Earth
 10713 | Bailey   | Entered a bailey
 10780 | Bailey   | Found an iron altar of Okawaru.
 10780 | Bailey   | Noticed an orc sorcerer
 10780 | Bailey   | Noticed a kobold demonologist
 10790 | Bailey   | Killed a kobold demonologist
 10805 | Bailey   | Killed an orc sorcerer
 10807 | Bailey   | Reached **** piety under Okawaru
 11037 | Bailey   | Got a pitted rapier
 11040 | Bailey   | Identified the cursed +3 rapier of Famine {elec, Int+2}
                  | (You found it in a bailey)
 11397 | Bailey   | Acquired the +2 pair of boots "Futi" {Str+8}
 11439 | Bailey   | Reached XP level 11. HP: 50/84 MP: 22/22
 11752 | D:4      | Bought a condenser vane for 440 gold pieces
 12191 | D:9      | Got a twisted halberd
 12192 | D:9      | Identified the +10 halberd of Woe {vorpal, rElec} (You
                  | found it on level 9 of the Dungeon)
 12253 | D:9      | Learned a level 2 spell: Passwall
 12362 | D:9      | Noticed a death knight
 12363 | D:9      | Noticed a phantasmal warrior
 12364 | D:9      | Noticed a phantasmal warrior
 12658 | D:8      | HP: 4/84 [phantasmal warrior[a death knight] (9)]
 12661 | D:8      | Killed a phantasmal warrior
 12905 | D:8      | Reached skill level 5 in Conjurations
 12905 | D:8      | Reached skill level 5 in Hexes
 12905 | D:8      | Reached skill level 5 in Summonings
 12905 | D:8      | Reached skill level 5 in Necromancy
 12905 | D:8      | Reached skill level 5 in Transmutations
 12905 | D:8      | Reached skill level 5 in Fire Magic
 12905 | D:8      | Reached skill level 5 in Ice Magic
 12905 | D:8      | Reached skill level 5 in Air Magic
 12905 | D:8      | Reached skill level 5 in Earth Magic
 12905 | D:8      | Reached skill level 5 in Poison Magic
 13013 | D:8      | Killed a phantasmal warrior
 13014 | D:8      | Reached skill level 8 in Spellcasting
 13143 | D:8      | Killed a death knight
 13143 | D:8      | Reached ***** piety under Okawaru
 13600 | D:10     | Entered Level 10 of the Dungeon
 13705 | D:10     | Got a glimmering cloak
 13716 | D:10     | Identified the +1 cloak of Fun and Games {Dex+2} (You found
                  | it on level 10 of the Dungeon)
 14117 | D:10     | Noticed a two-headed ogre
 14125 | D:10     | Killed a two-headed ogre
 14148 | D:10     | Received a gift from Okawaru
 14432 | D:10     | Received a gift from Okawaru
 14463 | D:10     | Identified a +1 pair of boots of running (Okawaru gifted it
                  | to you on level 10 of the Dungeon)
 14674 | D:10     | Identified the cursed +0 trident "Xush" {venom, *Drain
                  | rN+++}
 14998 | D:11     | Noticed a boulder beetle
 15312 | D:10     | Killed a boulder beetle
 15604 | D:11     | Reached XP level 12. HP: 93/93 MP: 19/24
 16187 | D:11     | Acquired a +4 spectral lajatang
 16198 | D:11     | Gained mutation: You have large cloven feet. [potion of
                  | mutation]
 16198 | D:11     | Gained mutation: Your mind is acute. (Int +2) [potion of
                  | mutation]
 16306 | D:11     | Found a staircase to the Lair.
 16382 | D:11     | Found Conal's Magic Scroll Emporium.
 16391 | D:11     | Bought a scroll of enchant weapon for 127 gold pieces
 16391 | D:11     | Bought a scroll of amnesia for 59 gold pieces
 16462 | D:11     | Found a staircase to the Orcish Mines.
 16467 | D:11     | Noticed a boulder beetle
 16475 | D:11     | Killed a boulder beetle
 16953 | D:12     | Found a basalt altar of Yredelemnul.
 17038 | D:12     | Found Bugefaol's Antique Armour Shoppe.
 17058 | D:12     | Bought a bronze ring mail for 288 gold pieces
 17068 | D:12     | Identified the +7 ring mail "Xucha" {Harm *Corrode rElec
                  | Str+4} (You bought it in a shop on level 12 of the Dungeon)
 17164 | D:12     | Noticed Jorgrun
 17179 | D:12     | Killed Jorgrun
 17179 | D:12     | Received a gift from Okawaru
 17180 | D:12     | Reached skill level 9 in Spellcasting
 17392 | D:12     | Noticed Gastronok
 17410 | D:12     | Killed Gastronok
 17410 | D:12     | Received a gift from Okawaru
 18425 | D:13     | Noticed a catoblepas
 18433 | D:13     | Killed a catoblepas
 18718 | D:13     | Noticed a centaur warrior
 18727 | D:13     | Killed a centaur warrior
 18728 | D:13     | Reached XP level 13. HP: 101/101 MP: 26/26
 18839 | D:13     | Reached ****** piety under Okawaru
 18849 | D:13     | Noticed a vault guard
 18852 | D:13     | Noticed a vault guard
 18888 | D:13     | Killed a vault guard
 18925 | D:13     | Killed a vault guard
 19138 | D:13     | Noticed a vault guard
 19148 | D:13     | Killed a vault guard
 19148 | D:13     | Received a gift from Okawaru
 19210 | D:13     | Found a gate to the Vaults.
 20319 | D:14     | Received a gift from Okawaru
 20492 | D:14     | Received a gift from Okawaru
 20756 | D:14     | Identified the cursed +1 falchion of World's End {vorpal,
                  | rF+ rN+} (You found it on level 14 of the Dungeon)
 20974 | D:15     | Entered Level 15 of the Dungeon
 20975 | D:15     | Found Compac's Magic Scroll Shoppe.
 20997 | D:15     | Found Hooditzi's Assorted Antiques.
 21022 | D:15     | Reached skill level 10 in Spellcasting
 21988 | D:15     | Reached XP level 14. HP: 91/109 MP: 28/28
 22064 | D:15     | HP: 3/109 [fire dragon/blast of flame (36)]
 22064 | D:15     | HP: 1/109 [fire dragon (2)]
 22069 | D:15     | Killed from afar by a fire dragon

Illustrated notes

Levels and vault maps discovered:
D:1:      amcnicky_arrival_double_pillar, layout_basic, minmay_hexomino_p4
D:2:      layout_basic
D:3:      layout_loops_ring, gammafunk_temple_overflow_arena,
          kennysheep_orc_chapel, uniq_robin, uniq_ijyb
D:4:      layout_basic, lemuel_doored_altar, overflow_temple_1_default,
          nzn_hepliaklqana_mist_gate, serial_shops, nicolae_shop_crystal,
          uniq_blork_the_orc, uniq_edmund
D:5:      layout_basic, kennysheep_slug_shrine, lemuel_altar_in_water
D:6:      layout_basic, overflow_temple_1_default,
          nicolae_overflow_hidden_temple
D:7:      layout_loops_cross, minmay_temple_entry_mini_moons, uniq_duvessa
D:8:      layout_rooms, nicolae_overflow_crystal_walls,
          chequers_temple_overflow_statue_of_worship, fedhas_altar_fruit_tree
D:9:      layout_gridville, enter_bailey_2, minmay_guarded_unrand_variability
D:10:     layout_roguey
D:11:     layout_gridville, david_lair_generic, orc_0_dummy, serial_shops,
          nicolae_shop_waterfront
D:12:     layout_irregular_city, serial_shops, shop, yredelemnul_altar_generic,
          uniq_jorgrun, uniq_gastronok
D:13:     layout_roguey, ximxim_vaults_locker_room
D:14:     layout_rooms, minmay_misc_feat_cross
D:15:     grunt_enter_depths_hoard, layout_basic, serial_shops, shop, shop,
          lemuel_round_altar
Temple:   compressed_dpeg_triangle_lava_temple

Skill      XL: |  1  2  3  4  5  6  7  8  9 10 11 12 13 |
---------------+----------------------------------------+-----
Spellcasting   | 5 6 7 8 9 10 | 10.1
Invocations    | 1 2 3 4 5 6 7 8 9 |  9.6
Short Blades   | 1 2 3 4 5 6 7 8 |  8.8
Long Blades    | 1 2 3 4 5 6 7 8 |  8.8
Maces & Flails | 1 2 3 4 5 6 7 8 |  8.8
Polearms       | 1 2 3 4 5 6 7 8 |  8.8
Staves         | 1 2 3 4 5 6 7 8 |  8.8
Slings         | 1 2 3 4 5 6 7 8 |  8.8
Bows           | 1 2 3 4 5 6 7 8 |  8.8
Crossbows      | 1 2 3 4 5 6 7 8 |  8.8
Stealth        | 1 2 3 4 5 6 7 8 |  8.8
Shields        | 1 2 3 4 5 6 7 8 |  8.8
Unarmed Combat | 1 2 3 4 5 6 7 8 |  8.8
Evocations     | 1 2 3 4 5 6 7 8 |  8.8
Conjurations   | 1 2 3 4 5 6 7 |  7.3
Hexes          | 1 2 3 4 5 6 7 |  7.3
Summonings     | 1 2 3 4 5 6 7 |  7.3
Necromancy     | 1 2 3 4 5 6 7 |  7.3
Transmutations | 1 2 3 4 5 6 7 |  7.3
Fire Magic     | 1 2 3 4 5 6 7 |  7.3
Ice Magic      | 1 2 3 4 5 6 7 |  7.3
Air Magic      | 1 2 3 4 5 6 7 |  7.3
Earth Magic    | 1 2 3 4 5 6 7 |  7.3
Poison Magic   | 1 2 3 4 5 6 7 |  7.3
Throwing       | 3 4 5 6 7 8 9 |  9.2
Armour         | 3 4 5 6 7 8 9 |  9.2
Fighting       | 5 6 7 8 9 |  9.9
Axes           | 5 6 7 8 9 |  9.9
Dodging        | 5 6 7 8 9 |  9.9
Translocations | 6 7 8 9 |  9.2

Action                   |  1- 3 |  4- 6 |  7- 9 | 10-12 | 13-15 || total
-------------------------+-------+-------+-------+-------+-------++-------
Melee: Hand axe          |    81 |   185 |       |       |       ||   266
       Bite              |     5 |    15 |    22 |    56 |    39 ||   137
       Punch             |       |     2 |       |       |       ||     2
       War axe           |       |    37 |    22 |       |       ||    59
       Battleaxe         |       |       |   185 |   286 |    15 ||   486
       Great mace        |       |       |       |     5 |       ||     5
       Halberd           |       |       |       |     5 |       ||     5
       Lajatang          |       |       |       |    84 |   153 ||   237
 Fire: Triple crossbow   |       |       |       |     9 |    22 ||    31
Throw: Stone             |    43 |    16 |     1 |       |       ||    60
       Dart              |       |    23 |    26 |    32 |     7 ||    88
       Boomerang         |       |       |       |     4 |       ||     4
 Cast: Gell's Gravitas   |     2 |    19 |    22 |    19 |     3 ||    65
       Blink             |       |     5 |     5 |    16 |     8 ||    34
       Lesser Beckoning  |       |       |     1 |     2 |     2 ||     5
       Foxfire           |       |       |       |     6 |     2 ||     8
       Inner Flame       |       |       |       |     6 |     1 ||     7
       Portal Projectile |       |       |       |     2 |     8 ||    10
Invok: Heroism           |       |       |       |     2 |     1 ||     3
       Finesse           |       |       |       |     1 |       ||     1
Evoke: Wand              |       |       |     1 |     9 |     1 ||    11
       Box of beasts     |       |       |       |     1 |     1 ||     2
       Condenser vane    |       |       |       |     1 |     1 ||     2
  Use: Potion            |     2 |     3 |     3 |     8 |     4 ||    20
       Scroll            |       |     2 |    10 |    20 |     3 ||    35
 Stab: Sleeping          |       |       |     3 |     6 |     2 ||    11
       Distracted        |       |       |       |     4 |     1 ||     5
       Invisible         |       |       |       |     1 |       ||     1
Armor: Leather armour    |     4 |       |       |       |       ||     4
       Ring mail         |     4 |    70 |   103 |   224 |   136 ||   537
Dodge: Dodged            |    52 |   154 |   155 |   280 |   134 ||   775
